 Dungeon Crawl Stone Soup version 0.25-a0-972-g74ed164fb1 (webtiles) character file.

Game seed: 16841127369922481047, levelgen mode: deterministic

90 Harbin the Skirmisher (level 4, -4/37 HPs)
             Began as a Demonspawn Monk on May 9, 2020.
             Was a Believer of Wu Jian.
             Killed by divine providence
             ... invoked by an orc priest
              (7 damage)
             ... on level 3 of the Dungeon.
             The game lasted 00:27:25 (2551 turns).

Harbin the Skirmisher (Demonspawn Monk)             Turns: 2551, Time: 00:27:26

Health: -4/37      AC:  2    Str: 15    XL:     4   Next: 32%
Magic:  4/4        EV: 13    Int: 11    God:    Wu Jian [**....]
Gold:   69         SH:  0    Dex: 15    Spells: 3/3 levels left

rFire    . . .     SeeInvis .     - Unarmed
rCold    . . .     Gourm    .   (no shield)
rNeg     . . .     Faith    .   j - +0 robe
rPois    .         Spirit   .   (helmet restricted)
rElec    .         Reflect  .   (no cloak)
rCorr    .         Harm     .   (no gloves)
MR       .....     Clarity  +   (no boots)
Stlth    ++........             n - amulet of rage
HPRegen  0.12/turn              (no ring)
MPRegen  0.09/turn              (no ring)

@: no status effects
A: antennae 1, clarity, spiny 1, strong 1
a: Wall Jump, Renounce Religion, Evoke Berserk Rage


You were on level 3 of the Dungeon.
You worshipped Wu Jian.
Wu Jian was pleased with you.
You were not hungry.

You visited 1 branch of the dungeon, and saw 3 of its levels.

You collected 69 gold pieces.

Inventory:

Missiles
 d - 22 poisoned darts (quivered)
Armour
 a - a +0 robe
 j - a +0 robe (worn)
 l - a +0 leather armour
 p - a +0 ring mail
 r - a +0 robe
 s - a +0 robe
Jewellery
 n - an amulet of rage (around neck)
Scrolls
 c - 3 scrolls of remove curse
 f - a scroll of noise {unknown}
 g - 2 scrolls of enchant armour {unknown}
 h - 2 scrolls of identify {unknown}
 k - 2 scrolls of enchant weapon {unknown}
 m - a scroll of teleportation {unknown}
 o - 2 scrolls of fog {unknown}
 q - a scroll of immolation {unknown}
Potions
 e - a potion of degeneration {unknown}
 i - a potion of curing {unknown}
Comestibles
 b - 4 rations


   Skills:
 * Level 3.9 Fighting
 + Level 1.2 Armour
 + Level 3.1 Dodging
 - Level 1.7 Stealth
 * Level 3.4 Unarmed Combat


You had 3 spell levels left.
You didn't know any spells.
Your spell library was empty.

Dungeon Overview and Level Annotations

Branches:
Dungeon (3/15)

Altars:
Vehumet
Wu Jian


Innate Abilities, Weirdness & Mutations

You have a pair of small antennae on your head.
You are partially covered in sharp spines.
You possess an exceptional clarity of mind.
Your muscles are strong. (Str +2)


Message History

You kill the adder!
The Council accepts your kill. The orc hits you but does no damage.
Aiming: Wall Jump
Press: ? - help, Dir - move target cursor You repeatedly attack the orc priest from above.
You hit the orc priest.
The orc priest is severely wounded.
You hit the orc priest but do no damage.
The orc priest is severely wounded.
You closely miss the orc priest.
The orc priest is severely wounded.
You repeatedly attack the orc from above.
You hit the orc.
The orc is moderately wounded.
You hit the orc.
The orc is heavily wounded.
The orc priest invokes the aid of Beogh against you.
Beogh smites you!
You die...

. #.#....#.. #..###.#.......
##.....#.......
#..###.........
#...>.......#.# #..###......#
.# #..##.....### .##
#.o##)#....<.... ###
###.o@°....#####.#####
#..#####...°○○...............
#.................##.....#
#...........#.#.#.##.....###
#.............).#...........
###...........#.###>.....###
#.....<.....#..........#
#...........#####......#
#..............##.........


You could see an orc priest and an orc.

Vanquished Creatures
  3 adders
  An ooze (D:1)
  2 worms (D:2)
  A dart slug (D:2)
  2 leopard geckos
  3 orcs (D:3)
  2 bats
  3 giant cockroaches
  4 goblins
  5 hobgoblins
  4 kobolds
  A quokka (D:2)
  5 frilled lizards
  11 rats
47 creatures vanquished.

Notes
Turn   | Place    | Note
-------+----------+-------------------------------------------
     0 | D:1      | Harbin the Demonspawn Monk began the quest for the Orb.
     0 | D:1      | Reached XP level 1. HP: 18/18 MP: 1/1
   153 | D:1      | Gained mutation: You are partially covered in sharp spines.
                  | [demonic ancestry]
   153 | D:1      | Reached XP level 2. HP: 24/24 MP: 2/2
   956 | D:2      | Found a radiant altar of Vehumet.
   995 | D:2      | Gained mutation: You have a pair of small antennae on your
                  | head. [demonic ancestry]
   995 | D:2      | Reached XP level 3. HP: 24/29 MP: 3/3
  1283 | D:2      | Found an ornate altar of the Wu Jian Council.
  1284 | D:2      | Noticed an ogre
  1306 | D:2      | Gained mutation: You possess an exceptional clarity of
                  | mind. [potion of mutation]
  1306 | D:2      | Gained mutation: Your muscles are strong. (Str +2) [potion
                  | of mutation]
  1451 | D:2      | Became a worshipper of the Wu Jian Council
  1451 | D:2      | Reached * piety under Wu Jian
  1451 | D:2      | Reached ** piety under Wu Jian
  1710 | D:2      | Reached skill level 1 in Armour
  2262 | D:3      | Reached XP level 4. HP: 22/37 MP: 4/4
  2551 | D:3      | Killed from afar by an orc priest

Illustrated notes

Levels and vault maps discovered:
D:1:      lightli_arrival_flooded_house, layout_basic,
          minmay_misc_feat_secret_circle, lemuel_another_geyser
D:2:      layout_loops_corners, fiery_altar_vehumet, old_standard_altar,
          first_ration
D:3:      layout_rooms, tso_altar, uniq_robin

Skill      XL: |  1  2  3 |
---------------+----------+-----
Unarmed Combat | 3 |  3.4
Dodging        | 3 |  3.1
Armour         | 1 |  1.2
Fighting       | |  3.9
Stealth        | |  1.7

Action                   |  1- 3 |  4- 6 || total
-------------------------+-------+-------++-------
Melee: Unarmed           |   110 |    26 ||   136
       Punch             |     1 |     1 ||     2
Invok: Whirlwind         |     4 |       ||     4
       Lunge             |     3 |       ||     3
 Abil: Wall Jump         |       |     3 ||     3
  Use: Scroll            |     2 |       ||     2
       Potion            |     2 |       ||     2
 Stab: Sleeping          |     5 |       ||     5
  Eat: Chunk             |     3 |     2 ||     5
Armor: Robe              |    16 |     2 ||    18
Dodge: Dodged            |    54 |    10 ||    64

Table legend:
 A = Non-vault XP
 B = Vault XP
 C = Vault XP percentage of total XP
 D = Non-vault monster count
 E = Vault monster count
 F = Vault count percentage of total count
                 A         B        C        D         E       F
            +---------+---------+-------+---------+---------+-------
      Total |     129 |       0 |   0.0 |      47 |       0 |   0.0
            +---------+---------+-------+---------+---------+-------
        D:1 |      31 |       0 |   0.0 |      16 |       0 |   0.0
        D:2 |      55 |       0 |   0.0 |      22 |       0 |   0.0
        D:3 |      43 |       0 |   0.0 |       9 |       0 |   0.0
            +---------+---------+-------+---------+---------+-------
